 Dungeon Crawl Stone Soup version 0.27.1-33-g824d729ab1 (webtiles) character file.

Game seed: 9285623796335075745

105228 Anomally the Eclecticist (level 15, 0/72 HPs)
             Began as a Deep Elf Conjurer on Dec 10, 2021.
             Was a High Priest of Vehumet.
             Slain by a skeletal warrior (21 damage)
             ... led by a skeletal warrior
             ... on level 15 of the Dungeon on Dec 11, 2021.
             The game lasted 07:38:08 (27558 turns).

Anomally the Eclecticist (Deep Elf Conjurer)       Turns: 27558, Time: 07:38:09

Health: 0/72       AC: 17    Str:  4    XL:     15   Next: 94%
Magic:  19/47      EV: 15    Int: 43    God:    Vehumet [*****.]
Gold:   112        SH:  7    Dex: 13    Spells: 3/46 levels left

rFire    . . .     SeeInvis .   u - +5 hunting sling of Armageddon {freeze, Int+8}
rCold    . . .     Faith    .   G - +2 buckler
rNeg     . . .     Spirit   .   O - +3 troll leather armour
rPois    +         Reflect  .   Y - +3 hat of Pondering {ponderous, Will+ MP+10 Int+5}
rElec    .         Harm     .   w - +2 cloak
rCorr    .         Rampage  .   q - +0 pair of gloves
Will     ++...                  D - +2 pair of boots
Stlth    ++........             S - amulet of magic regeneration
HPRegen  1.22/turn              z - ring of wizardry
MPRegen  0.55/turn              g - ring of poison resistance

@: slow
A: no striking features
a: Renounce Religion


You were on level 15 of the Dungeon.
You worshipped Vehumet.
Vehumet was extremely pleased with you.
You visited 2 branches of the dungeon, and saw 21 of its levels.

You collected 1799 gold pieces.
You spent 1687 gold pieces at shops.

Inventory:

Hand Weapons
 r - the +11 war axe "Aqipliuff" {venom, rC+ Will+}
   (You found it on level 6 of the Lair of Beasts)

   It poisons the flesh of those it strikes.
   rC:        It protects you from cold.
   Will:      It increases your willpower.
 u - the +5 hunting sling of Armageddon (weapon) {freeze, Int+8}
   (You found it on level 5 of the Dungeon)

   Any ammunition fired from it freezes those it strikes, dealing additional
   cold damage.
   It can also slow down cold-blooded creatures.
   Int:       It affects your intelligence (+8).
 K - the +8 hand axe of Indomitability {venom, rF++ rC- rN+ rCorr}
   (You found it on level 8 of the Dungeon)

   It poisons the flesh of those it strikes.
   rF:        It greatly protects you from fire.
   rC:        It makes you vulnerable to cold.
   rN:        It protects you from negative energy.
   rCorr:     It protects you from acid and corrosion.
 U - the +1 mace of Fee Simple {protect, Fly}
   (You found it on level 2 of the Lair of Beasts)

   It grants its wielder temporary protection when it strikes (+7 to AC).
   Fly:       It grants you flight.
Armour
 q - a +0 pair of gloves (worn)
 w - a +2 cloak (worn)
 D - a +2 pair of boots (worn)
 G - a +2 buckler (worn)
 O - a +3 troll leather armour (worn)
 Y - the +3 hat of Pondering (worn) {ponderous, Will+ MP+10 Int+5}
   (You took it off Gastronok on level 1 of the Lair of Beasts)

   Int:       It affects your intelligence (+5).
   MP:        It affects your magic capacity (+10).
   Will:      It increases your willpower.
Magical Staves
 P - a staff of poison
Jewellery
 a - a +4 ring of evasion
 e - a +4 ring of evasion
 g - a ring of poison resistance (right hand)
 n - an amulet of regeneration
 z - a ring of wizardry (left hand)
 B - a ring of resist corrosion
 H - a ring of magical power
 L - a ring of positive energy
 N - a +6 ring of strength
 R - a +6 ring of dexterity
 S - an amulet of magic regeneration (around neck)
 T - a ring of protection from cold
Wands
 f - a wand of paralysis (9)
 l - a wand of acid (11)
 v - a wand of charming (5)
 x - a wand of polymorph (19)
 A - a wand of iceblast (33)
 C - a wand of flame (74)
 Q - a wand of digging (4)
Scrolls
 b - 4 scrolls of fog
 c - 8 scrolls of teleportation
 d - 8 scrolls of blinking
 j - 5 scrolls of magic mapping
 k - 2 scrolls of identify
 m - 2 scrolls of enchant weapon
 p - a scroll of torment {unknown}
 t - 2 scrolls of amnesia
 y - 3 scrolls of fear
 F - 4 scrolls of silence
 I - 2 scrolls of summoning
 J - 5 scrolls of immolation
 M - a scroll of acquirement {unknown}
Potions
 h - 2 potions of haste
 i - 6 potions of lignification
 o - 2 potions of flight
 s - 3 potions of heal wounds
 E - 8 potions of curing
 V - a potion of invisibility
 W - 3 potions of attraction
 X - 4 potions of magic


   Skills:
 + Level 11.6 Dodging
 - Level 2.4 Stealth
 + Level 6.5 Shields
 * Level 16.3 Spellcasting
 + Level 13.3 Conjurations
 + Level 13.2 Hexes
 + Level 6.3 Summonings
 + Level 10.2 Ice Magic
 + Level 9.6 Air Magic


You had 3 spell levels left.
You knew the following spells:

 Your Spells              Type           Power      Damage    Failure   Level
a - Magic Dart            Conj           100%       1d8       0%          1
b - Searing Ray           Conj           100%       3d7       0%          2
c - Iskenderun's Battles  Conj           99%        2d15      1%          5
d - Tukima's Dance        Hex            99%        N/A       0%          3
e - Shock                 Conj/Air       100%       1d9       0%          1
f - Fulminant Prism       Conj/Hex       49%        3d21      1%          4
g - Hailstorm             Conj/Ice       94%        3d19      1%          4
h - Foxfire               Conj/Fire      100%       2x1d9     1%          1
i - Ignite Poison         Fire/Tmut/Pois 35%        N/A       1%          3
j - Mephitic Cloud        Conj/Pois/Air  79%        N/A       1%          3
k - Freezing Cloud        Conj/Ice/Air   46%        6-21      1%          5
l - Summon Lightning Spi  Summ/Air       80%        N/A       1%          4
m - Conjure Ball Lightni  Conj/Air       46%        3x3d16    1%          6
n - Sandblast             Erth           70%        2d15      1%          1

Your spell library contained the following spells:

 Spells                   Type           Power      Damage    Failure   Level
 Ozocubu's Refrigeration  Ice            44%        4d13      2%          7
 Corona                   Hex            100%       N/A       0%          1
 Freeze                   Ice            100%       1d11      0%          1
 Ensorcelled Hibernation  Hex/Ice        100%       N/A       0%          2
 Static Discharge         Conj/Air       93%        N/A       0%          2
 Dazzling Flash           Conj/Hex       100%       N/A       0%          3
 Beastly Appendage        Tmut           70%        N/A       1%          1
 Passwall                 Tmut/Erth      29%        N/A       1%          2
 Sublimation of Blood     Necr           17%        N/A       1%          2
 Wereblood                Tmut           35%        N/A       1%          2
 Call Canine Familiar     Summ           73%        N/A       1%          3
 Frozen Ramparts          Ice            100%       1d12      1%          3
 Portal Projectile        Hex/Tloc       100%       N/A       1%          3
 Spider Form              Tmut/Pois      17%        N/A       1%          3
 Swiftness                Air            87%        N/A       1%          3
 Airstrike                Air            43%        N/A       1%          4
 Ice Form                 Ice/Tmut       68%        N/A       1%          4
 Iskenderun's Mystic Bla  Conj/Tloc      75%        2d15      1%          4
 Leda's Liquefaction      Hex/Erth       37%        N/A       1%          4
 Summon Ice Beast         Ice/Summ       82%        N/A       1%          4
 Fireball                 Conj/Fire      37%        3d15      1%          5
 Lightning Bolt           Conj/Air       46%        1d66      1%          5
 Orb of Destruction       Conj           49%        9d15      1%          7
 Lee's Rapid Deconstruct  Erth           17%        3d12*     4%          5
 Animate Dead             Necr           17%        N/A       6%          4
 Blade Hands              Tmut           17%        N/A       16%         5
 Borgnjor's Vile Clutch   Necr/Erth      17%        N/A       16%         5
 Excruciating Wounds      Necr           17%        N/A       16%         5
 Summon Hydra             Summ           36%        N/A       32%         7
 Death Channel            Necr           17%        N/A       61%         6
 Fire Storm               Conj/Fire      37%        8d10      99%         9


Dungeon Overview and Level Annotations

Branches:
Dungeon (15/15)            Temple (0/1) D:4            Lair (6/6) D:11
 Shoals (0/4) Lair:4        Snake (0/4) Lair:4        Slime (0/5) Lair:6
    Orc (0/2) D:12         Vaults (0/5) D:14         Depths (0/5) D:15

Altars:
Ashenzari
Cheibriados
Dithmenos
Elyvilon
Okawaru
Qazlal
Ru
Sif Muna
Uskayaw
Vehumet
Xom
Beogh

Shops:
D:8 *   D:12 :[?*?   D:14 *

Portals:
Trove: D:10 (show abyssal rune of Zot)

Annotations:
D:10 3 runed translucent doors, MisterFreud's ghost, journeyman MiAK
D:11 Lair staircase
D:14 The vault entrance, box of beasts at shop
Lair:2 Xom's chess piece left here, ocehb's ghost, journeyman DjAE
Lair:4 snake pit and shoal
Lair:6 Slime pit entrance here, Wahib's ghost, journeyman PaWr


Message History

The searing ray hits the skeletal warrior.
The skeletal warrior is heavily damaged.
The searing ray hits the skeletal warrior.
The skeletal warrior is moderately damaged. (Press . to maintain the ray.)
The skeletal warrior hits you but does no damage.
The skeletal warrior is engulfed in freezing vapours.
The skeletal warrior hits you from afar with a +0 glaive!
The skeletal warrior hits you with a +0 scimitar.
Aiming: Tukima's Dance (safe; 0% risk of failure)
Press: ? - help, Q - select action, (/) - cycle Shift-Dir - straight line, f - skeletal warrior
Aim: a skeletal warrior, wielding a +0 scimitar (severely damaged, chance to affect: 36%)
The +0 scimitar dances into the air!
Your lightning spire disappears in a puff of smoke!
The skeletal warrior barely misses you.
The skeletal warrior is engulfed in freezing vapours.
You block the skeletal warrior's attack.
The skeletal warrior hits you.
* * * LOW HITPOINT WARNING * * *
Aiming: Tukima's Dance (safe; 0% risk of failure)
Press: ? - help, Q - select action, (/) - cycle Shift-Dir - straight line, f - skeletal warrior, p - skeletal warrior
Aim: a skeletal warrior, wielding a +0 battleaxe (heavily damaged, chance to affect: 36%)
The skeletal warrior easily resists.
The skeletal warrior hits you with a +0 battleaxe.
* * * LOW HITPOINT WARNING * * *
The skeletal warrior is engulfed in freezing vapours.
The skeletal warrior closely misses you.
You block the skeletal warrior's attack.
Your +0 scimitar hits the skeletal warrior!
The skeletal warrior is engulfed in freezing vapours.
The skeletal warrior closely misses you.
Your +0 scimitar hits the skeletal warrior.
Your +0 scimitar hits the skeletal warrior!
The skeletal warrior is destroyed!
Vehumet accepts your kill.
The skeletal warrior is engulfed in freezing vapours.
The skeletal warrior hits your +0 scimitar with a +0 glaive!
Your +0 scimitar hits the skeletal warrior.
The skeletal warrior hits you with a +0 battleaxe!!
You die...

#...######..# # #...# #..#####
#...# #......##### #...#
#........... #...# #..........
#### #...# #.........# ...# #...#
####.........#
...##+#######...####............#
................@....(..<.......#
...#######+##+#.zu.#...####.....#
...# #..≈.#.≈ #..#.....# ...#
#.(..#. #..#.....# ####
#z###+###.###......
####+#§...#..D# #.....##
#.....§§≈.#H≈.# #.....#
#......§..#...# #.....#
#.....§###.###Y##.....#


You could see a red ugly thing, 2 skeletal warriors and a friendly +0 scimitar.

Vanquished Creatures
  Gastronok (Lair:1)
  Kirke (D:14)
  A dire elephant (D:15)
  A great orb of eyes (D:15)
  3 boulder beetles
  4 hydras
  A catoblepas (Lair:2)
  A tengu warrior (D:14)
  Urug (D:13)
  3 skeletal warriors
  A lindwurm (Lair:2)
  A deep elf pyromancer (D:14)
  5 ugly things (D:15)
  A deep elf zephyrmancer (D:14)
  A manticore (D:15)
  An oklob plant (Lair:6)
  6 cyclopes
  A centaur zombie (D:6)
  10 elephants
  7 black mambas
  2 gargoyles
  5 rime drakes
  15 cane toads
  A freezing wraith (D:13)
  6 komodo dragons
  A yaktaur (D:14)
  A tengu conjurer (D:10)
  2 guardian mummies (D:10)
  2 trolls (D:10)
  2 tyrant leeches (Lair:6)
  A polar bear (Lair:4)
  3 meliai (D:13)
  9 slime creatures
  19 blink frogs
  A meliai zombie (D:11)
  A centaur simulacrum (D:15)
  A vampire (D:11)
  2 shadows
  A wraith (D:13)
  4 wyverns
  4 hogs (D:14)
  43 yaks
  2 basilisks
  4 steam dragons
  15 vampire mosquitoes
  2 acid dragons
  A naga (Lair:4)
  20 water moccasins
  A swamp drake (D:12)
  A black bear (D:6)
  4 orc warriors
  A hornet zombie (D:7)
  2 ogres
  A sky beast (D:6)
  An ice beast (D:4)
  5 centaurs
  14 wolves
  A kobold brigand (D:14)
  11 bullfrogs
  3 scorpions
  A wyvern zombie (D:9)
  A water moccasin skeleton (D:5)
  12 killer bees (D:10)
  2 electric eels
  3 howler monkeys (D:14)
  A bullfrog zombie (D:5)
  7 orc priests
  7 hounds
  2 jellies (D:5)
  2 centaur skeletons
  2 iguanas (D:5)
  Jessica (D:3)
  9 orc wizards
  10 hell rats
  3 killer bee zombies
  A hound skeleton (D:4)
  3 howler monkey zombies
  A howler monkey skeleton (D:5)
  8 adders
  2 ufetubi (D:5)
  An adder skeleton (D:2)
  2 worms
  A dart slug (D:7)
  41 orcs
  9 ball pythons
  3 bats (D:2)
  7 endoplasms
  5 giant cockroaches
  6 goblins
  15 hobgoblins
  4 jackals (D:3)
  2 quokkas
  2 frilled lizards
  8 kobolds
  2 rats
  A ball lightning (Lair:6)
  3 bushes (Lair:6)
456 creatures vanquished.

Vanquished Creatures (collateral kills)
  3 boulder beetles
  A hydra (D:15)
  A death knight (D:13)
  A centaur warrior (D:14)
  7 two-headed ogres
  2 tengu warriors
  Nergalle (D:12)
  4 skeletal warriors
  A goliath frog (Lair:6)
  A deep elf archer (D:14)
  An orc knight (D:14)
  A cyclops (D:12)
  An ugly thing (D:13)
  2 manticores
  5 elephants
  2 black mambas (Lair:6)
  5 cane toads (Lair:6)
  2 rime drakes
  A kobold demonologist (D:14)
  3 yaktaurs (D:14)
  A freezing wraith (D:13)
  5 komodo dragons
  A tengu conjurer (D:13)
  A tyrant leech (Lair:6)
  A polar bear (Lair:6)
  11 blink frogs
  5 slime creatures
  A wraith (D:13)
  2 hogs (D:14)
  A hog (shapeshifter) (D:13)
  2 wyverns
  4 yaks
  A basilisk (Lair:6)
  2 vampire mosquitoes (Lair:6)
  A naga (Lair:4)
  An acid dragon (D:12)
  An orc warrior (D:10)
  A black bear (Lair:4)
  A swamp drake (D:12)
  7 centaurs (D:12)
  10 wolves
  2 kobold brigands (D:14)
  6 bullfrogs
  2 orc priests
  2 orc wizards
  3 hell rats (Lair:5)
  3 orcs
  A kobold (D:14)
  2 foxfires
126 creatures vanquished.

Vanquished Creatures (others)
  A human (D:14)
  4 ball lightnings (Lair:6)
  5 bushes (Lair:6)
  44 foxfires
  66 fulminant prisms
  39 fungi
  148 plants
  11 toadstools (Lair:2)
318 creatures vanquished.

Grand Total: 900 creatures vanquished

Notes
Turn   | Place    | Note
-------+----------+-------------------------------------------
     0 | D:1      | Anomally the Deep Elf Conjurer began the quest for the Orb.
     0 | D:1      | Reached XP level 1. HP: 10/10 MP: 6/6
   240 | D:1      | Reached XP level 2. HP: 7/15 MP: 0/8
   506 | D:1      | Reached skill level 5 in Conjurations
   852 | D:1      | Reached XP level 3. HP: 19/19 MP: 7/9
   899 | D:1      | Found a faded altar of an unknown god.
  1160 | D:2      | Learned a level 2 spell: Searing Ray
  1642 | D:2      | Reached XP level 4. HP: 20/24 MP: 3/11
  2387 | D:2      | Reached skill level 4 in Spellcasting
  2427 | D:2      | Learned a level 3 spell: Dazzling Flash
  2515 | D:3      | Found a stormy altar of Qazlal.
  2788 | D:3      | Noticed Jessica
  2795 | D:3      | Killed Jessica
  2796 | D:3      | Reached XP level 5. HP: 28/28 MP: 9/13
  3710 | D:4      | Reached skill level 1 in Hexes
  3958 | D:4      | Found a radiant altar of Vehumet.
  3967 | D:4      | Became a worshipper of Vehumet
  4028 | D:4      | Reached skill level 5 in Spellcasting
  4051 | D:4      | Reached XP level 6. HP: 32/32 MP: 10/16
  4173 | D:4      | Found a shadowy altar of Dithmenos.
  4190 | D:4      | Found a broken altar of Ashenzari.
  4203 | D:4      | Noticed an ice beast
  4207 | D:4      | Killed an ice beast
  4298 | D:4      | Reached skill level 6 in Spellcasting
  4341 | D:4      | Found a shimmering altar of Xom.
  4458 | D:4      | Found a staircase to the Ecumenical Temple.
  4537 | D:4      | Found an iron altar of Okawaru.
  4685 | D:4      | Reached XP level 7. HP: 36/36 MP: 11/18
  4774 | D:5      | Entered Level 5 of the Dungeon
  4781 | D:5      | Learned a level 3 spell: Tukima's Dance
  4881 | D:5      | Reached skill level 7 in Spellcasting
  5060 | D:5      | Reached * piety under Vehumet
  5060 | D:5      | Offered knowledge of Shock by Vehumet.
  5063 | D:5      | Learned a level 1 spell: Shock
  5205 | D:5      | Identified the +5 hunting sling of Armageddon {freeze,
                  | Int+8}
  5767 | D:5      | Reached skill level 8 in Spellcasting
  5767 | D:5      | Reached XP level 8. HP: 41/41 MP: 16/22
  5772 | D:5      | Learned a level 4 spell: Fulminant Prism
  6324 | D:6      | Reached skill level 9 in Spellcasting
  6324 | D:6      | Reached skill level 5 in Hexes
  6437 | D:6      | Found a shimmering blue altar of Sif Muna.
  6463 | D:6      | Reached skill level 1 in Air Magic
  6474 | D:6      | Reached XP level 9. HP: 45/45 MP: 6/24
  6606 | D:6      | Learned a level 4 spell: Hailstorm
  6779 | D:6      | Reached skill level 10 in Spellcasting
  7200 | D:6      | Found a sacrificial altar of Ru.
  7276 | D:7      | Reached skill level 1 in Ice Magic
  7279 | D:7      | Found a snail-covered altar of Cheibriados.
  7779 | D:7      | Offered knowledge of Foxfire by Vehumet.
  8083 | D:8      | Reached ** piety under Vehumet
  8176 | D:8      | Learned a level 1 spell: Foxfire
  8239 | D:8      | Noticed a wolf spider
  8276 | D:8      | Noticed a gargoyle
  8305 | D:8      | Killed a gargoyle
  8484 | D:8      | Reached skill level 5 in Dodging
  8805 | D:8      | Reached XP level 10. HP: 50/50 MP: 22/26
  8850 | D:8      | Reached skill level 10 in Conjurations
  8889 | D:8      | Identified the +8 hand axe of Indomitability {venom, rF++
                  | rC- rN+ rCorr}
  9039 | D:8      | Got the Tome of the Scorpion
  9564 | D:8      | Found Wifaiz's Assorted Antiques.
  9649 | D:8      | Bought a scroll of identify for 58 gold pieces
  9649 | D:8      | Bought a glowing tourmaline ring for 145 gold pieces
  9649 | D:8      | Bought a scroll of identify for 58 gold pieces
 10039 | D:9      | Reached skill level 11 in Spellcasting
 10653 | D:9      | Noticed a two-headed ogre
 10670 | D:9      | Killed a two-headed ogre
 10923 | D:10     | Entered Level 10 of the Dungeon
 10996 | D:10     | Found a runed translucent gate.
 10997 | D:10     | Found a runed translucent gate.
 11028 | D:10     | Found a runed translucent gate.
 11028 | D:10     | Noticed MisterFreud's ghost (journeyman MiAK)
 11055 | D:10     | Found a hide-covered altar of Uskayaw.
 11223 | D:10     | Offered knowledge of Ignite Poison by Vehumet.
 11247 | D:10     | Noticed a two-headed ogre
 11250 | D:10     | Noticed a two-headed ogre
 11253 | D:10     | Killed a two-headed ogre
 11256 | D:10     | Killed a two-headed ogre
 11271 | D:10     | Noticed a cyclops
 11279 | D:10     | Killed a cyclops
 11435 | D:10     | Noticed a cyclops
 11449 | D:10     | Killed a cyclops
 11450 | D:10     | Reached skill level 5 in Ice Magic
 11548 | D:10     | Reached skill level 5 in Air Magic
 11623 | D:10     | Noticed a brown ugly thing
 11623 | D:10     | Noticed a red ugly thing
 11697 | D:10     | Reached *** piety under Vehumet
 11732 | D:10     | Noticed a two-headed ogre
 11736 | D:10     | Killed a two-headed ogre
 11737 | D:10     | Reached XP level 11. HP: 54/54 MP: 17/28
 11836 | D:10     | Learned a level 3 spell: Ignite Poison
 11840 | D:10     | Learned a level 3 spell: Mephitic Cloud
 11852 | D:10     | Reached skill level 1 in Shields
 11919 | D:10     | Offered knowledge of Sticky Flame by Vehumet.
 12286 | D:10     | Found a portal to a secret trove of treasure.
 12395 | D:10     | Noticed a white ugly thing
 12634 | D:11     | Reached skill level 12 in Spellcasting
 12753 | D:11     | Noticed a two-headed ogre
 12759 | D:11     | Killed a two-headed ogre
 13028 | D:11     | Found a staircase to the Lair.
 13277 | D:12     | Noticed a boulder beetle
 13332 | Lair:1   | Entered Level 1 of the Lair of Beasts
 13633 | Lair:1   | Reached **** piety under Vehumet
 13786 | Lair:1   | Offered knowledge of Freezing Cloud by Vehumet.
 13793 | Lair:1   | Learned a level 5 spell: Freezing Cloud
 13795 | Lair:1   | Noticed a four-headed hydra
 13860 | D:11     | Reached skill level 10 in Hexes
 14087 | Lair:1   | Noticed Gastronok
 14111 | Lair:1   | Killed Gastronok
 14112 | Lair:1   | Reached XP level 12. HP: 34/59 MP: 1/30
 14196 | Lair:1   | Killed a four-headed hydra
 15642 | Lair:2   | Reached skill level 13 in Spellcasting
 15784 | Lair:2   | Found a transporter.
 15787 | Lair:2   | Noticed ocehb's ghost (journeyman DjAE)
 15805 | Lair:2   | Noticed an eight-headed hydra
 15812 | Lair:2   | Found a transporter.
 16516 | Lair:2   | Found a runed translucent door.
 16592 | Lair:2   | Noticed a catoblepas
 16596 | Lair:2   | Killed a catoblepas
 16648 | Lair:2   | Learned a level 4 spell: Summon Lightning Spire
 16648 | Lair:2   | Identified the +1 mace of Fee Simple {protect, Fly}
 16728 | Lair:2   | Noticed a seven-headed hydra
 17216 | Lair:2   | Killed a seven-headed hydra
 17325 | Lair:3   | Reached ***** piety under Vehumet
 17578 | Lair:3   | Offered knowledge of Yara's Violent Unravelling by Vehumet.
 17614 | Lair:3   | Reached XP level 13. HP: 63/63 MP: 32/32
 18455 | Lair:4   | Reached skill level 1 in Summonings
 18952 | Lair:4   | Found a staircase to the Snake Pit.
 19105 | Lair:4   | Found a staircase to the Shoals.
 19679 | Lair:5   | Reached skill level 10 in Dodging
 20108 | Lair:5   | Reached skill level 14 in Spellcasting
 20296 | Lair:5   | Offered knowledge of Conjure Ball Lightning by Vehumet.
 20304 | Lair:5   | Learned a level 6 spell: Conjure Ball Lightning
 20509 | Lair:6   | Entered Level 6 of the Lair of Beasts
 20523 | Lair:6   | Reached skill level 5 in Shields
 20863 | Lair:6   | Noticed Wahib's ghost (journeyman PaWr)
 21464 | Lair:6   | Reached XP level 14. HP: 68/68 MP: 33/34
 21928 | Lair:6   | Offered knowledge of Irradiate by Vehumet.
 22083 | Lair:6   | Identified the +11 war axe "Aqipliuff" {venom, rC+ Will+}
 22172 | Lair:6   | Found a transporter.
 22172 | Lair:6   | Found a transporter.
 22344 | Lair:6   | Found a staircase to the Slime Pits.
 23137 | D:12     | Noticed Nergalle
 23146 | D:12     | Killed Nergalle
 23191 | D:12     | Reached skill level 15 in Spellcasting
 23340 | D:12     | Found Nimeop's Armour Shop.
 23359 | D:12     | Found Fesijimp's Magic Scroll Emporium.
 23367 | D:12     | Bought a scroll of identify for 26 gold pieces
 23367 | D:12     | Bought a scroll of identify for 26 gold pieces
 23367 | D:12     | Bought a scroll of identify for 26 gold pieces
 23367 | D:12     | Bought a scroll of identify for 26 gold pieces
 23367 | D:12     | Bought a scroll of identify for 26 gold pieces
 23367 | D:12     | Bought a scroll of identify for 26 gold pieces
 23367 | D:12     | Bought a scroll of teleportation for 39 gold pieces
 23484 | D:12     | Found a staircase to the Orcish Mines.
 23524 | D:12     | Found Ticir's Magic Scroll Boutique.
 23531 | D:12     | Bought a scroll of identify for 22 gold pieces
 23531 | D:12     | Bought a scroll of identify for 22 gold pieces
 23531 | D:12     | Bought a scroll of identify for 22 gold pieces
 23535 | D:12     | Reached skill level 5 in Summonings
 23535 | D:12     | Reached XP level 15. HP: 72/72 MP: 36/36
 23905 | D:12     | Found Suaticwa's Book Emporium.
 23968 | D:12     | Bought a book of Geomancy for 286 gold pieces
 23968 | D:12     | Bought a book of the Spheres for 702 gold pieces
 24075 | D:12     | Learned a level 5 spell: Iskenderun's Battlesphere
 24077 | D:12     | Learned a level 1 spell: Sandblast
 24595 | D:12     | Found Onestrass's Assorted Antiques.
 24609 | D:12     | Bought a scroll of identify for 42 gold pieces
 24889 | D:13     | Noticed Urug
 24897 | D:13     | Killed Urug
 26324 | D:14     | Found Zimeabb's Assorted Antiques.
 26509 | D:14     | Noticed Kirke
 26518 | D:14     | Reached skill level 10 in Ice Magic
 26520 | D:14     | Killed Kirke
 26521 | D:14     | Reached skill level 16 in Spellcasting
 26813 | D:14     | Offered knowledge of Ozocubu's Refrigeration by Vehumet.
 26876 | D:14     | Found a gate to the Vaults.
 27228 | D:14     | Bought a runed marble ring for 135 gold pieces
 27266 | D:15     | Entered Level 15 of the Dungeon
 27371 | D:15     | Found a white marble altar of Elyvilon.
 27517 | D:15     | Found a staircase to the Depths.
 27558 | D:15     | Slain by a skeletal warrior

Illustrated notes

Levels and vault maps discovered:
D:1:      beargit_arrival_greenhouse, layout_basic,
          ebering_ecumenical_altar_sacrificial
D:2:      minmay_angry_zag, layout_loops_ring, minmay_misc_feat_tiny,
          hangedman_abyss_or_decor_stabs
D:3:      layout_loops_corners, nicolae_qazlal_scattered_showers,
          serial_aquarium, aquarium_bridge_long_separate
          [aquarium_subvault_wall, aquarium_subvault_wall,
          aquarium_subvault_bridge, aquarium_subvault_wall,
          aquarium_subvault_wall, aquarium_subvault_bridge],
          aquarium_bridge_square [aquarium_subvault_bridge,
          aquarium_subvault_bridge, aquarium_subvault_wall,
          aquarium_subvault_bridge], aquarium_window_fake, aquarium_window_fake,
          aquarium_window_2, aquarium_window_3, aquarium_view_2d,
          aquarium_balcony_1b, uniq_jessica
D:4:      layout_cave_pools, okawaru_metal_pillars_3,
          mainiacjoe_overflow_large_starburst, mainiacjoe_overflow_catwalk,
          mainiacjoe_overflow_surrounded_room, minmay_temple_entry_large_hall,
          hangedman_decor_peaks_small, abandoned_shop, grunt_ministairs_15
D:5:      layout_basic, kennysheep_opposing_triangles
D:6:      layout_basic, kennysheep_orc_sif_temple,
          nicolae_ru_the_path_less_chosen, minivault_11,
          minmay_misc_feat_four_crosses, corexii_item_surrounded_by_moat
D:7:      layout_loops_ring, kennysheep_slug_shrine
D:8:      layout_gridville, serial_shops, kennysheep_mini_moat, minivault_25,
          wad_dig_loot
D:9:      layout_roguey, grunt_decor_mini_mirrors
D:10:     minmay_the_grid_triangle_9x9_recursive_2_mashed
          [minmay_the_grid_triangle_9x9_prize_top_heavy,
          minmay_the_grid_triangle_9x9_corruption,
          minmay_the_grid_triangle_9x9_sparse_checkered,
          minmay_the_grid_triangle_9x9_longest], layout_irregular_city,
          lemuel_tele_altar, biasface_ghost_orc_armoury,
          nicolae_trove_entry_path_of_doom
D:11:     layout_rooms, lair_entry_dummy
D:12:     layout_gridville, serial_shops, nicolae_shop_stone,
          nicolae_shop_crystal, nicolae_lakefront_shop, nicolae_shop_crystal,
          nicolae_square_shop, pond, uniq_nergalle
D:13:     layout_loops_ring, uniq_urug
D:14:     layout_gridville, hangedman_vaults_entry_quadrant_bands, serial_shops,
          nicolae_shop_window_shopping, uniq_kirke
D:15:     hangedman_depths_entry_try_elsewhere_first, layout_irregular_city,
          elyvilon_altar_5, nicolae_underground_beach
Lair:1:   layout_layer_cave, serial_bayou_pond_c, uniq_gastronok
Lair:2:   gammafunk_lair_enchanted_lake, layout_gridlike, nzn_ghost_randoct,
          minmay_stone_trees_large
Lair:3:   layout_loops_ring, grunt_megastairs_2
Lair:4:   layout_roguey, elwin_shoals_entry_rocks, guppyfry_snake_entry_island,
          grunt_megastairs_5
Lair:5:   layout_long_grid
Lair:6:   minmay_lair_end_frog_pond, layout_loops_ring,
          minmay_slime_entry_oklob_open, gammafunk_ghost_hive,
          grunt_forest_small_clearing_treed

Skill      XL: |  1  2  3  4  5  6  7  8  9 10 11 12 13 14 15 |
---------------+----------------------------------------------+-----
Conjurations   | 5 6 7 8 9 10 11 12 13 | 13.3
Spellcasting   | 4 5 6 8 9 10 11 12 13 14 15 16 | 16.3
Hexes          | 1 2 4 5 7 9 10 11 12 13 | 13.2
Dodging        | 3 5 7 8 9 10 11 | 11.6
Air Magic      | 1 3 5 6 7 8 9 |  9.6
Ice Magic      | 3 5 6 8 9 10 | 10.2
Shields        | 3 4 5 6 |  6.5
Summonings     | 3 5 6 |  6.3
Stealth        | |  2.4

Action                   |  1- 3 |  4- 6 |  7- 9 | 10-12 | 13-15 || total
-------------------------+-------+-------+-------+-------+-------++-------
Melee: Unarmed           |       |     1 |       |       |       ||     1
 Cast: Magic Dart        |    68 |    98 |     8 |     2 |    19 ||   195
       Searing Ray       |     2 |    14 |    37 |    89 |   117 ||   259
       Shock             |       |       |    42 |   110 |    61 ||   213
       Fulminant Prism   |       |       |     8 |    46 |    12 ||    66
       Hailstorm         |       |       |     5 |    21 |     8 ||    34
       Foxfire           |       |       |     2 |     7 |    16 ||    25
       Tukima's Dance    |       |       |       |    18 |    24 ||    42
       Dazzling Flash    |       |       |       |     1 |       ||     1
       Mephitic Cloud    |       |       |       |    30 |    48 ||    78
       Ignite Poison     |       |       |       |    10 |    19 ||    29
       Freezing Cloud    |       |       |       |     9 |    49 ||    58
       Summon Lightning  |       |       |       |     1 |    71 ||    72
       Conjure Ball Ligh |       |       |       |       |     2 ||     2
       Iskenderun's Batt |       |       |       |       |    23 ||    23
  Use: Scroll            |       |       |     2 |     7 |    18 ||    27
       Potion            |       |       |       |       |     1 ||     1
Armor: Robe              |     1 |     7 |     5 |       |       ||    13
       Troll leather arm |       |       |       |    19 |    48 ||    67
Dodge: Dodged            |     9 |    17 |    35 |   100 |   123 ||   284
Block: Buckler           |       |       |       |    31 |    57 ||    88
